 Dungeon Crawl Stone Soup version 0.21.1-1-g345015f (webtiles) character file.

17300 doot the Cleaver (level 12, -3/103 HPs)
             Began as a Hill Orc Fighter on June 8, 2018.
             Was a Priest of Beogh.
             Killed from afar by an ice dragon (33 damage)
             ... with a blast of cold
             ... on level 13 of the Dungeon.
             The game lasted 00:50:01 (14510 turns).

doot the Cleaver (Hill Orc Fighter)                Turns: 14510, Time: 00:50:03

Health: -3/103     AC: 14    Str: 33    XL:     12   Next: 46%
Magic:  3/12       EV: 18    Int:  9    God:    Beogh [***...]
Gold:   716        SH: 22    Dex: 16    Spells: 11/11 levels left

rFire    + . .     SeeInvis .   a - +0 war axe
rCold    . . .     Gourm    .   c - +0 shield
rNeg     . . .     Faith    .   A - +5 ring mail of the Catamount {rElec Str+5 Int-3 Stlth+}
rPois    .         Spirit   .   (no helmet)
rElec    +         Reflect  +   e - +1 cloak
rCorr    .         Harm     .   i - +0 pair of gloves
MR       .....     Clarity  +   (no boots)
Stlth    ++++......             Q - brooch of Shielding {Reflect SH+8}
HPRegen  0.27/turn              X - ring of protection from fire
MPRegen  0.13/turn              J - +4 ring of intelligence

@: mighty, agile
A: iridescent scales 1, clarity, deformed body
a: Smiting, Renounce Religion


You were on level 13 of the Dungeon.
You worshipped Beogh.
Beogh was most pleased with you.
You were not hungry.

You visited 2 branches of the dungeon, and saw 14 of its levels.

You collected 716 gold pieces.

Inventory:

Hand Weapons
 a - a +0 war axe (weapon)
 b - a +1 flail of protection
 I - the cursed +3 dagger "Plog" {venom, rC+ Dex+4, unknown}
   (You found it on level 12 of the Dungeon)

   It poisons the flesh of those it strikes.
   It affects your dexterity (+4).
   It protects you from cold.
   It has a curse placed upon it.
Missiles
 O - 2 javelins (quivered)
 U - 4 javelins of penetration
Armour
 c - a +0 shield (worn)
 e - a +1 cloak (worn)
 i - a +0 pair of gloves (worn)
 n - a +0 plate armour
 A - the +5 ring mail of the Catamount (worn) {rElec Str+5 Int-3 Stlth+}
   (You found it on level 8 of the Dungeon)

   It affects your strength (+5).
   It affects your intelligence (-3).
   It insulates you from electricity.
   It makes you more stealthy.
 Z - a +0 troll leather armour
Jewellery
 J - a +4 ring of intelligence (right hand)
 M - an uncursed amulet of guardian spirit
 Q - the brooch of Shielding (around neck) {Reflect SH+8}
   (You took it off a wight on level 11 of the Dungeon)

   [amulet of reflection]

   It shields you and reflects attacks.
   It affects your SH (+8).
 W - an uncursed amulet of the gourmand
 X - a ring of protection from fire (left hand)
Wands
 q - a wand of flame (31)
 w - a wand of disintegration (13)
 x - a wand of digging (7)
 K - a wand of random effects (70)
 L - a wand of iceblast (11)
 R - a wand of paralysis (16)
 Y - a wand of acid (10)
Scrolls
 j - 4 scrolls of amnesia {unknown}
 m - 2 scrolls of fog {unknown}
 o - 2 scrolls of magic mapping
 r - 2 scrolls of identify
 t - 3 scrolls of remove curse
 y - 4 scrolls of enchant armour
 z - 2 scrolls of immolation {unknown}
 D - 7 scrolls of teleportation {unknown}
 G - 2 scrolls of enchant weapon {unknown}
 H - 3 scrolls of random uselessness {unknown}
 V - a scroll of vulnerability {unknown}
Potions
 d - 2 potions of might
 g - a potion of degeneration {unknown}
 h - 4 potions of brilliance
 l - a potion of agility
 s - 2 potions of cancellation
 u - a potion of experience {unknown}
 B - a potion of berserk rage {unknown}
 F - 2 potions of flight
 N - a potion of lignification {unknown}
 P - 6 potions of curing
 S - a potion of resistance
 T - 2 potions of haste {unknown}
Books
 k - a book of Misfortune

   Spells                             Type                      Level
   a - Confusing Touch                Hexes                        1
   b - Confuse                        Hexes                        3
   c - Gell's Gravitas                Translocation                3
   d - Petrify                        Transmutation/Earth          4
   e - Metabolic Englaciation         Hexes/Ice                    5
   f - Yara's Violent Unravelling     Hexes/Transmutation          5
 v - a book of Maledictions

   Spells                             Type                      Level
   a - Corona                         Hexes                        1
   b - Ensorcelled Hibernation        Hexes/Ice                    2
   c - Confuse                        Hexes                        3
   d - Tukima's Dance                 Hexes                        3
   e - Dazzling Spray                 Conjuration/Hexes            3
 C - a book of Battle

   Spells                             Type                      Level
   a - Infusion                       Charms                       1
   b - Shroud of Golubria             Charms/Translocation         2
   c - Song of Slaying                Charms                       2
   d - Spectral Weapon                Hexes/Charms                 3
   e - Regeneration                   Charms/Necromancy            3
 E - a book of Conjurations

   Spells                             Type                      Level
   a - Magic Dart                     Conjuration                  1
   b - Searing Ray                    Conjuration                  2
   c - Dazzling Spray                 Conjuration/Hexes            3
   d - Fulminant Prism                Conjuration/Hexes            4
   e - Force Lance                    Conjuration/Translocation    4
   f - Iskenderun's Mystic Blast      Conjuration                  4
Comestibles
 f - 25 rations


   Skills:
 + Level 8.8 Fighting
 + Level 14.6 Axes
 + Level 0.2(8.2) Maces & Flails
 + Level 6.7 Throwing
 + Level 7.8 Armour
 + Level 4.8 Dodging
 + Level 2.8 Stealth
 + Level 10.6 Shields


You had 11 spell levels left.
You didn't know any spells.

Dungeon Overview and Level Annotations

Branches:
Dungeon (13/15)            Temple (1/1) D:6            Lair (0/6) D:9
    Orc (0/2) D:12
 Vaults: D:13-14

Altars:
Ashenzari
Cheibriados
Dithmenos
Elyvilon
Fedhas
Gozag
Hepliaklqana
Kikubaaqudgha
Makhleb
Nemelex Xobeh
Okawaru
Qazlal
Ru
Sif Muna
Trog
Uskayaw
Vehumet
Wu Jian
Xom
Yredelemnul
Zin
The Shining One

Portals:
Trove: D:13 (give +3 ice dragon scales)

Annotations:
D:6 exclusion: downstairs


Innate Abilities, Weirdness & Mutations

You are partially covered in iridescent scales. (AC +2)
You possess an exceptional clarity of mind.
Armour fits poorly on your strangely shaped body.


Message History

The ice dragon claws you but does no damage.
The ice dragon misses you.
An iron troll comes into view.
You slice the ice dragon!!
The ice dragon is severely wounded.
The vault guard hits your orc knight with a war axe!
Unknown command.
You hit the ice dragon.
The ice dragon is severely wounded.
Your orc knight hits the vault guard with a short sword!
The ice dragon misses you. You block the ice dragon's attack.
The ice dragon tramples you but does no damage.
Unknown command.
You slash the ice dragon!
The ice dragon is almost dead.
Your orc knight hits the vault guard but does no damage.
The vault guard hits your orc knight with a war axe.
The ice dragon breathes frost at you. The blast of cold hits you!
You die...

.....................#
..........#########..#
..........# ..#
..........# .#
..........#
########..# .....#.!#
.......(#######
.......@.......
.$....#D######.
......#p# ......o(#
#......(# +.......#
#.....#T# ###.#.#
..#..


You could see an ice dragon, an iron troll, a vault guard and a friendly orc
knight.

Vanquished Creatures
  6 two-headed ogres
  An unseen horror (D:11)
  A deep elf mage (D:12)
  An ugly thing (D:12)
  A manticore (D:11)
  A cyclops (D:13)
  A centaur zombie (D:12)
  A gargoyle (D:11)
  3 trolls
  Grinder (D:5)
  A hornet (D:8)
  Prince Ribbit (D:9)
  A wyvern (D:11)
  A water elemental (D:11)
  3 yaks
  A wraith (D:11)
  A hungry ghost (D:10)
  4 wargs (D:11)
  An acid dragon (D:12)
  Edmund (D:4)
  10 orc warriors
  7 ice beasts
  A phantom (D:6)
  3 sky beasts
  3 necrophages
  3 ogres
  12 centaurs
  7 big kobolds
  7 bullfrogs
  A wyvern skeleton (D:11)
  3 scorpions
  6 wights
  5 howler monkeys
  An electric eel (D:10)
  3 bullfrog zombies
  8 crimson imps
  6 hounds
  A quasit (D:6)
  3 centaur skeletons
  3 jellies
  3 orc priests
  10 orc wizards
  Jessica (D:3)
  5 iguanas
  Natasha (thrice) (D:4)
  6 worker ants
  The ghost of tidbits the Fighter, a weakling GnWn (D:4)
  A hound zombie (D:8)
  2 hound skeletons
  7 adders
  3 shadow imps
  An adder zombie (D:6)
  3 adder skeletons
  2 worms
  A dart slug (D:3)
  2 leopard geckos
  35 orcs
  10 giant cockroaches
  6 goblins
  8 hobgoblins
  35 kobolds
  2 quokkas
  5 ball pythons
  8 bats
  7 frilled lizards
  A jackal zombie (D:7)
  A quokka skeleton (D:5)
  A quokka zombie (D:5)
  9 rats
  A spectral orc (D:4)
  A fungus (D:5)
306 creatures vanquished.

Vanquished Creatures (collateral kills)
  A cyclops (D:13)
  A centaur skeleton (D:13)
  A polar bear (shapeshifter) (D:13)
  A basilisk (D:12)
  An ice beast (D:12)
  An eye of draining (D:13)
  A bullfrog (D:13)
  A crimson imp (D:12)
  An orc priest (D:12)
  2 orcs (D:12)
11 creatures vanquished.

Vanquished Creatures (others)
  An orc warrior (D:13)
  An ice beast (D:12)
  An orc priest (D:9)
  An orc (D:9)
  4 plants (D:10)
8 creatures vanquished.

Grand Total: 325 creatures vanquished

Notes
Turn   | Place    | Note
-------+----------+-------------------------------------------
     0 | D:1      | doot the Hill Orc Fighter began the quest for the Orb.
     0 | D:1      | Reached XP level 1. HP: 19/19 MP: 1/1
    94 | D:1      | Reached XP level 2. HP: 22/27 MP: 2/2
   213 | D:1      | Reached skill level 3 in Axes
   553 | D:1      | Reached XP level 3. HP: 33/33 MP: 3/3
   892 | D:2      | Found a radiant altar of Vehumet.
  1403 | D:2      | Noticed an ogre
  1405 | D:2      | Reached skill level 4 in Axes
  1405 | D:2      | Reached XP level 4. HP: 40/40 MP: 4/4
  1417 | D:2      | Killed an ogre
  1417 | D:2      | Reached XP level 5. HP: 30/46 MP: 5/5
  1538 | D:2      | Found an opulent altar of Gozag.
  2440 | D:3      | Found a blossoming altar of Fedhas.
  2492 | D:3      | Reached skill level 5 in Axes
  2805 | D:3      | Noticed Jessica
  2809 | D:3      | Killed Jessica
  2809 | D:3      | Reached XP level 6. HP: 47/52 MP: 6/6
  2855 | D:4      | Noticed tidbits's ghost (weakling GnWn)
  2864 | D:4      | Killed tidbits's ghost
  3035 | D:4      | Reached skill level 5 in Shields
  3121 | D:4      | Noticed Natasha
  3125 | D:4      | Killed Natasha
  3131 | D:4      | Noticed Edmund
  3165 | D:4      | Killed Edmund
  3165 | D:4      | Reached skill level 6 in Axes
  3165 | D:4      | Reached XP level 7. HP: 50/60 MP: 7/7
  3417 | D:4      | Noticed Natasha
  3424 | D:4      | Killed Natasha
  3651 | D:4      | Found a basalt altar of Yredelemnul.
  3732 | D:4      | Noticed Natasha
  3737 | D:4      | Killed Natasha
  3780 | D:5      | Entered Level 5 of the Dungeon
  3950 | D:5      | Noticed Grinder
  3978 | D:5      | Paralysed by Grinder for 7 turns
  4069 | D:5      | Killed Grinder
  4069 | D:5      | Reached skill level 7 in Axes
  4069 | D:5      | Reached skill level 1 in Throwing
  4069 | D:5      | Reached skill level 5 in Armour
  4069 | D:5      | Reached skill level 1 in Dodging
  4221 | D:5      | Found a bloodstained altar of Trog.
  4411 | D:5      | Found an ornate altar of the Wu Jian Council.
  4443 | D:5      | Reached XP level 8. HP: 39/67 MP: 8/8
  4757 | D:5      | Reached skill level 8 in Axes
  5096 | D:6      | Reached skill level 5 in Fighting
  5335 | D:6      | Reached skill level 9 in Axes
  5783 | D:6      | Found a burning altar of Makhleb.
  5790 | D:6      | Reached XP level 9. HP: 62/75 MP: 9/9
  5940 | D:6      | Found a staircase to the Ecumenical Temple.
  5960 | Temple   | Entered the Ecumenical Temple
  6116 | D:7      | Reached skill level 10 in Axes
  6615 | D:7      | Noticed a six-headed hydra
  7136 | D:7      | You fall through a shaft!
  7199 | D:8      | Reached skill level 11 in Axes
  7271 | D:8      | Got a faintly humming ring mail
  7287 | D:8      | Identified the +5 ring mail of the Catamount {rElec Str+5 Int-3 Stlth+} (You found it on level 8 of the Dungeon)
  7603 | D:8      | Found a glowing golden altar of the Shining One.
  7663 | D:8      | Reached skill level 1 in Stealth
  7673 | D:7      | Found a hazy altar of Hepliaklqana.
  7758 | D:7      | Reached XP level 10. HP: 84/84 MP: 10/10
  8722 | D:9      | Noticed Prince Ribbit
  8798 | D:9      | Noticed a two-headed ogre
  8801 | D:9      | Paralysed by a hornet for 3 turns
  9062 | D:9      | Found a snail-covered altar of Cheibriados.
  9096 | D:9      | Became a worshipper of Beogh the Brigand
  9571 | D:9      | Reached skill level 12 in Axes
  9658 | D:9      | Found a staircase to the Lair.
  9689 | D:9      | Killed Prince Ribbit
  9813 | D:9      | Killed a two-headed ogre
 10231 | D:10     | Entered Level 10 of the Dungeon
 10528 | D:10     | Reached * piety under Beogh
 10681 | D:10     | Reached XP level 11. HP: 78/92 MP: 11/11
 10882 | D:11     | Noticed a two-headed ogre
 10887 | D:11     | Noticed a two-headed ogre
 11287 | D:11     | Killed a two-headed ogre
 11287 | D:11     | Reached skill level 13 in Axes
 11287 | D:11     | Reached skill level 5 in Throwing
 11488 | D:10     | Noticed a two-headed ogre
 11500 | D:10     | Killed a two-headed ogre
 11734 | D:11     | Noticed a manticore
 11752 | D:11     | Killed a manticore
 11775 | D:11     | Killed an unseen horror
 11849 | D:11     | Reached ** piety under Beogh
 11868 | D:11     | Gained mutation: You are partially covered in iridescent scales. (AC +2) [potion of mutation]
 11868 | D:11     | Gained mutation: Armour fits poorly on your strangely shaped body. [potion of mutation]
 11868 | D:11     | Gained mutation: You possess an exceptional clarity of mind. [potion of mutation]
 11868 | D:11     | Gained mutation: Your mind is acute. (Int +2) [potion of mutation]
 11869 | D:11     | Lost mutation: You possess an exceptional clarity of mind. [potion of mutation]
 11869 | D:11     | Lost mutation: Your mind is acute. (Int +2) [potion of mutation]
 11869 | D:11     | Gained mutation: You possess an exceptional clarity of mind. [potion of mutation]
 12062 | D:11     | Killed a two-headed ogre
 13196 | D:12     | Reached skill level 14 in Axes
 13424 | D:12     | Reached skill level 10 in Shields
 13456 | D:12     | Reached XP level 12. HP: 103/103 MP: 12/12
 13622 | D:12     | Reached *** piety under Beogh
 13707 | D:12     | Noticed a two-headed ogre
 13719 | D:12     | Killed a two-headed ogre
 13878 | D:12     | Found a staircase to the Orcish Mines.
 14097 | D:12     | You fall through a shaft!
 14097 | D:13     | Found a portal to a secret trove of treasure.
 14124 | D:12     | Got a translucent dagger
 14406 | D:13     | Noticed a two-headed ogre
 14415 | D:13     | Killed a two-headed ogre
 14484 | D:13     | Noticed an ice dragon
 14492 | D:13     | Noticed a vault guard
 14508 | D:13     | Noticed an iron troll
 14510 | D:13     | Killed from afar by an ice dragon

Skill      XL: |  1  2  3  4  5  6  7  8  9 10 11 |
---------------+----------------------------------+-----
Axes           | 3 4 5 6 7 9 11 12 14 | 14.6
Fighting       | 4 5 6 7 8 |  8.8
Armour         | 4 5 6 7 |  7.8
Shields        | 4 5 6 7 9 10 | 10.6
Throwing       | 1 2 3 4 6 |  6.7
Dodging        | 1 2 3 4 |  4.8
Stealth        | 1 2 |  2.8
Maces & Flails | |  0.2

Action                   |  1- 3 |  4- 6 |  7- 9 | 10-12 || total
-------------------------+-------+-------+-------+-------++-------
Melee: War axe           |   110 |   164 |   374 |   558 ||  1206
       Flail             |       |       |       |     4 ||     4
Throw: Javelin           |       |       |    46 |   174 ||   220
       Throwing net      |       |       |       |     1 ||     1
Invok: Convert to Beogh  |       |       |       |     1 ||     1
Evoke: Wand              |       |       |       |     1 ||     1
  Use: Scroll            |       |       |     4 |     7 ||    11
       Potion            |       |       |       |     7 ||     7
 Stab: Held in net/web   |       |       |       |     2 ||     2
       Sleeping          |       |       |       |     2 ||     2
  Eat: Chunk             |     1 |     3 |    10 |    11 ||    25
       Ration            |       |     1 |     1 |     4 ||     6
Armor: Scale mail        |    56 |       |       |       ||    56
       Plate armour      |     9 |    83 |       |       ||    92
       Ring mail         |       |       |   149 |   151 ||   300
Dodge: Dodged            |    28 |    23 |   131 |   181 ||   363
Block: Shield            |    68 |    73 |   191 |   416 ||   748
       Reflection        |       |       |       |     7 ||     7
